 Dungeon Crawl Stone Soup version 0.18.1-6-gd335043 (webtiles) character file.

3601 M4edhros the Slinger (level 10, -1/79 HPs)
             Began as a Formicid Fighter on May 20, 2016.
             Was a Believer of Dithmenos.
             Slain by a sheep (8 damage)
             ... on level 7 of the Dungeon.
             The game lasted 00:10:18 (8082 turns).

M4edhros the Slinger (Formicid Fighter)             Turns: 8082, Time: 00:10:19

Health: -1/79      AC:  8    Str: 22    XL:     10   Next: 32%
Magic:  10/10      EV: 11    Int:  9    God:    Dithmenos [**....]
Gold:   118        SH: 10    Dex: 15    Spells: 0 memorised, 9 levels left

rFire  . . .     SeeInvis +     E - +0 halberd
rCold  . . .     Gourm    .     b - +0 scale mail
rNeg   . . .     Faith    .     c - +0 shield
rPois  +         Spirit   .     (helmet unavailable)
rElec  .         Dismiss  .     (no cloak)
rCorr  .         Reflect  .     (no gloves)
SustAt .         Harm     .     n - +0 pair of boots
MR     +....     Clarity  +     (no amulet)
Stlth  ..........               u - ring of poison resistance
                                w - ring of flight

@: wreathed by umbra, somewhat resistant to hostile enchantments, extremely
unstealthy
A: permanent stasis, dig shafts and tunnels, four strong arms, antennae 3, agile
1, clarity, strong 1, no device heal 1
a: Dig, Shaft Self, Shadow Step, Renounce Religion, Evoke Flight


You were on level 7 of the Dungeon.
You worshipped Dithmenos.
Dithmenos was pleased with you.
You were hungry.

You visited 2 branches of the dungeon, and saw 9 of its levels.
You also visited: Ossuary.

You collected 384 gold pieces.
You spent 266 gold pieces at shops.

Inventory:

Hand Weapons
 a - a +1 trident
 y - a +1 hunting sling of freezing
 B - a +3 hunting sling
 E - a +0 halberd (weapon)
Missiles
 q - a throwing net
 z - 76 sling bullets
 A - 188 stones (quivered)
Armour
 b - a +0 scale mail (worn)
 c - a +0 shield (worn)
 n - a +0 pair of boots (worn)
Jewellery
 u - a ring of poison resistance (right hand)
 w - a ring of flight (left hand)
 I - an uncursed ring of sustain attributes {unknown}
 L - a cursed -2 ring of strength {unknown}
Wands
 v - a wand of slowing (0/48)
 K - a wand of random effects (11/48)
Scrolls
 h - 3 scrolls of identify
 j - a scroll of silence
 l - 2 scrolls of amnesia {unknown}
 m - 2 scrolls of fog {unknown}
 o - 2 scrolls of noise
 C - a scroll of enchant armour {unknown}
 M - 3 scrolls of remove curse {unknown}
 N - 2 scrolls of fear
Potions
 e - 2 potions of cancellation {unknown}
 i - 2 potions of berserk rage {unknown}
 k - 7 potions of curing
 p - a potion of agility
 r - a potion of flight {unknown}
 s - 4 potions of heal wounds
 t - 2 potions of lignification {unknown}
 x - a potion of cure mutation {unknown}
 G - 2 potions of brilliance
 J - 3 potions of invisibility {unknown}
 O - a potion of magic {unknown}
Books
 H - a book of Cantrips

   Spells                             Type                      Level
   a - Corona                         Hexes                        1
   b - Animate Skeleton               Necromancy                   1
   c - Summon Small Mammal            Summoning                    1
   d - Apportation                    Translocation                1
Comestibles
 f - 5 bread rations
 g - a slice of pizza
 F - 2 meat rations


   Skills:
 + Level 7.4 Fighting
 - Level 7.9 Polearms
 * Level 9.2 Slings
 - Level 3.2 Armour
 + Level 5.1 Dodging
 - Level 3.6 Shields


You had 9 spell levels left.
You didn't know any spells.

Dungeon Overview and Level Annotations

Branches:
Dungeon (8/15)             Temple (1/1) D:4
   Lair: D:8-11

Altars:
Cheibriados
Dithmenos
Elyvilon
Fedhas
Gozag
Kikubaaqudgha
Makhleb
Nemelex Xobeh
Okawaru
Pakellas
Qazlal
Ru
Sif Muna
Trog
Vehumet
Xom
Yredelemnul
Zin
The Shining One
Lugonu

Shops:
D:7 !*:


Innate Abilities, Weirdness & Mutations

You are under a permanent stasis effect.
You can dig through walls and to a lower floor.
Your four strong arms can wield two-handed weapons with a shield.
You have a pair of large antennae on your head (SInv).
You are agile. (Dex +2)
You possess an exceptional clarity of mind.
Your muscles are strong. (Str +2)
Potions and wands are less effective at restoring your health.


Message History

* * * LOW HITPOINT WARNING * * *
You slash the sheep!
The sheep is almost dead.
The sheep closely misses you.
The sheep "Baaaas" balefully.
The sheep bites you.
* * * LOW HITPOINT WARNING * * *
You barely miss the sheep.
The sheep is almost dead.
You block the sheep's attack.
You closely miss the sheep.
The sheep is almost dead.
The sheep barely misses you.
You barely miss the sheep.
The sheep is almost dead.
The sheep barely misses you.
You barely miss the sheep.
The sheep is almost dead.
The sheep bites you!
You die...

######## #.......
#....... ###### #.......
##....############.......
#.......@Y...............
#.....##.################
#..................#####
#......#.######........#
#........#.####........#
#.............'........##
#........######..........
###.####..............#..
#.# #..###########.#..


You could see a sheep.

Vanquished Creatures
  The ghost of Rationalist the Shield-Bearer, a novice FoFi (D:8)
  The ghost of M4edhros the Spear-Bearer, a novice FoFi of Dithmenos (D:7)
  A centaur zombie (D:7)
  A human (D:8)
  A hungry ghost (D:7)
  A sky beast (D:7)
  2 ogres
  A phantom (D:6)
  2 centaurs
  2 big kobolds (D:7)
  3 giant frogs
  A water moccasin zombie (Ossuary)
  2 howler monkeys
  8 crimson imps
  2 hounds (D:4)
  A giant frog skeleton (D:7)
  2 orc priests (D:6)
  An orc wizard (D:3)
  2 worker ants
  2 sheep (D:8)
  7 big kobold zombies (Ossuary)
  2 mummies (Ossuary)
  A hound zombie (D:5)
  8 adders
  8 gnolls
  A river rat (D:6)
  A shadow imp (D:6)
  5 adder zombies (Ossuary)
  An ooze (D:1)
  An adder skeleton (D:7)
  2 dart slugs (D:1)
  2 giant geckos
  17 orcs
  7 bats
  5 giant cockroaches
  2 gnoll zombies (Ossuary)
  9 goblins
  8 hobgoblins
  7 jackals
  2 ball pythons
  2 giant gecko skeletons
  3 giant newts
  4 hobgoblin zombies (Ossuary)
  22 kobolds
  3 kobold zombies (Ossuary)
  2 orc zombies (Ossuary)
  7 rats
176 creatures vanquished.

Notes
Turn   | Place    | Note
--------------------------------------------------------------
     0 | D:1      | M4edhros the Formicid Fighter began the quest for the Orb.
     0 | D:1      | Reached XP level 1. HP: 18/18 MP: 1/1
   270 | D:1      | Reached XP level 2. HP: 23/24 MP: 2/2
   472 | D:3      | Reached XP level 3. HP: 7/29 MP: 3/3
   487 | D:3      | HP: 1/29 [poisoned by an adder]
   793 | D:3      | Reached XP level 4. HP: 28/35 MP: 4/4
  1395 | D:4      | Found a sand-covered staircase.
  1408 | D:4      | Reached skill level 5 in Polearms
  1408 | D:4      | Reached XP level 5. HP: 23/41 MP: 5/5
  1436 | Ossuary  | Entered an ossuary
  1640 | Ossuary  | Reached XP level 6. HP: 41/47 MP: 6/6
  2130 | D:4      | Reached XP level 7. HP: 51/52 MP: 7/7
  2361 | D:4      | Found a staircase to the Ecumenical Temple.
  2485 | Temple   | Entered the Ecumenical Temple
  2505 | Temple   | Became a worshipper of Dithmenos the Shadowed
  3755 | D:2      | Reached skill level 1 in Slings
  3959 | D:2      | Reached * piety under Dithmenos
  3965 | D:2      | Found an iron altar of Okawaru.
  4068 | D:2      | Found a bloodstained altar of Trog.
  4071 | D:2      | Found a sparkling altar of Nemelex Xobeh.
  4088 | D:2      | Found a glowing silver altar of Zin.
  4091 | D:2      | Found a white marble altar of Elyvilon.
  4184 | D:3      | Found a shimmering altar of Xom.
  4227 | D:3      | Reached skill level 2 in Slings
  4244 | D:3      | Reached skill level 1 in Dodging
  4244 | D:3      | Reached XP level 8. HP: 48/60 MP: 8/8
  4635 | D:5      | Entered Level 5 of the Dungeon
  4749 | D:5      | Reached skill level 3 in Slings
  5162 | D:5      | You fall through a shaft!
  5189 | D:6      | Found a shimmering altar of Xom.
  5210 | D:6      | Found a burning altar of Makhleb.
  5210 | D:6      | Found a snail-covered altar of Cheibriados.
  5374 | D:6      | Reached skill level 4 in Slings
  5440 | D:6      | Found an oddly glowing altar of Pakellas.
  6363 | D:5      | Reached skill level 5 in Fighting
  6541 | D:7      | Found Itruecua's Distillery.
  6545 | D:7      | Bought a potion of heal wounds for 75 gold pieces
  6545 | D:7      | Bought a potion of mutation for 37 gold pieces
  6545 | D:7      | Bought a potion of curing for 45 gold pieces
  6545 | D:7      | Bought a potion of might for 60 gold pieces
  6545 | D:7      | Gained mutation: You possess an exceptional clarity of mind. [potion of mutation]
  6545 | D:7      | Gained mutation: Potions and wands are less effective at restoring your health. [potion of mutation]
  6545 | D:7      | Gained mutation: Your muscles are strong. (Str +2) [potion of mutation]
  6546 | D:7      | Gained mutation: You are agile. (Dex +2) [potion of mutation]
  6546 | D:7      | Gained mutation: Your magical capacity is low (-10% MP). [potion of mutation]
  6546 | D:7      | Lost mutation: Your magical capacity is low (-10% MP). [potion of mutation]
  6644 | D:7      | Reached skill level 5 in Slings
  6646 | D:7      | Found Tebavaff's General Store.
  6660 | D:7      | Reached XP level 9. HP: 68/68 MP: 9/9
  6695 | D:7      | Reached ** piety under Dithmenos
  6700 | D:7      | Bought a scroll of fear for 49 gold pieces
  6813 | D:7      | Found a sacrificial altar of Ru.
  7057 | D:7      | Found Iwketwiv's Book Emporium.
  7074 | D:7      | Reached skill level 6 in Slings
  7280 | D:7      | Noticed M4edhros's ghost (novice FoFi)
  7315 | D:7      | just wasted 24 charges of slowing wand, with 20% chance to slow monster, and nothing happend.
  7323 | D:7      | Killed M4edhros's ghost
  7323 | D:7      | Reached skill level 7 in Slings
  7831 | D:7      | Reached skill level 8 in Slings
  7831 | D:7      | Reached XP level 10. HP: 77/77 MP: 10/10
  8008 | D:8      | Noticed Rationalist's ghost (novice FoFi)
  8029 | D:8      | Killed Rationalist's ghost
  8029 | D:8      | Reached skill level 9 in Slings
  8029 | D:8      | Reached skill level 5 in Dodging
  8082 | D:7      | Slain by a sheep

Skill      XL: |  1  2  3  4  5  6  7  8  9 10 |
---------------+-------------------------------+-----
Polearms       | 3 4 5 6 7 |  7.9
Slings         | 2 5 8 9 |  9.2
Dodging        | 1 2 4 5 |  5.1
Fighting       | 5 6 7 |  7.4
Armour         | |  3.2
Shields        | |  3.6

Action                   |  1- 3 |  4- 6 |  7- 9 | 10-12 || total
-------------------------+-------+-------+-------+-------++-------
Melee: Trident           |    77 |   232 |    76 |       ||   385
       Halberd           |       |       |    63 |    54 ||   117
 Fire: Hunting sling     |       |       |   378 |     5 ||   383
Evoke: Wand              |       |       |    29 |       ||    29
  Use: Potion            |     5 |       |     4 |     1 ||    10
       Scroll            |     1 |       |     7 |       ||     8
  Eat: Chunk             |       |     1 |    11 |       ||    12
       Meat ration       |       |     1 |     1 |       ||     2
       Beef jerky        |       |       |     2 |       ||     2
Armor: Scale mail        |    27 |    51 |   125 |     7 ||   210
Dodge: Dodged            |    21 |    49 |   134 |    23 ||   227
Block: Shield            |    39 |    86 |   188 |    28 ||   341
